 Dungeon Crawl Stone Soup version 0.28.0-53-g5a82cb258f (webtiles) character file.

Game seed: 2343075092784554456

588 Stomo the Ruffian (level 7, -1/60 HPs)
             Began as a Green Draconian Transmuter on July 6, 2022.
             Was a Follower of Wu Jian.
             Slain by Duvessa
             ... wielding a +0 short sword
              (6 damage)
             ... on level 4 of the Dungeon.
             The game lasted 00:07:20 (4485 turns).

Stomo the Ruffian (Green Draconian Transmuter)      Turns: 4485, Time: 00:07:21

Health: -1/60      AC:  8    Str: 15    XL:     7   Next: 15%
Magic:  10/10      EV: 13    Int: 13    God:    Wu Jian [*.....]
Gold:   200        SH:  0    Dex: 11    Spells: 7/10 levels left

rFire   + . .      SeeInvis .     - Unarmed
rCold   + + .      Faith    .   (no shield)
rNeg    + . .      Spirit   .   (armour unavailable)
rPois   +          Reflect  .   (helmet restricted)
rElec   +          Harm     .   (no cloak)
rCorr   +          Rampage  .   h - +0 pair of gloves
Will    .....                   g - +0 pair of boots
Stlth   +.........              (no amulet)
HPRegen 0.20/turn               j - ring "Edankac" {rElec rPois rN+}
MPRegen 0.12/turn               d - ring of protection from cold

@: mighty, brilliant, resistant
A: breathe noxious fumes, AC +6, unfitting armour, poison resistance,
cold-blooded
a: Breathe Noxious Fumes, Renounce Religion


You were on level 4 of the Dungeon.
You worshipped Wu Jian.
Wu Jian was aware of your devotion.
You visited 2 branches of the dungeon, and saw 5 of its levels.

You collected 200 gold pieces.

Inventory:

Armour
 g - a +0 pair of boots (worn)
 h - a +0 pair of gloves (worn)
 q - an orb of light
Jewellery
 d - a ring of protection from cold (right hand)
 j - the ring "Edankac" (left hand) {rElec rPois rN+}
   (You found it on level 2 of the Dungeon)

   [ring of positive energy]

   rElec:     It insulates you from electricity.
   rPois:     It protects you from poison.
   rN:        It protects you from negative energy.
Wands
 o - a wand of iceblast (7)
Scrolls
 c - a scroll of summoning {unknown}
 f - 3 scrolls of magic mapping {unknown}
 k - 4 scrolls of identify {unknown}
 l - a scroll of enchant weapon {unknown}
 r - a scroll of fog {unknown}
Potions
 b - 2 potions of curing
 n - a potion of magic {unknown}
 p - a potion of invisibility {unknown}


   Skills:
 + Level 4.4 Fighting
 + Level 4.0 Dodging
 + Level 5.3 Unarmed Combat
 - Level 2.2 Spellcasting
 - Level 3.0 Transmutations


You had 7 spell levels left.
You knew the following spells:

 Your Spells              Type           Power      Damage    Failure   Level
a - Beastly Appendage     Tmut           26%        N/A       8%          1
b - Wereblood             Tmut           13%        N/A       11%         2

Your spell library contained the following spells:

 Spells                   Type           Power      Damage    Failure   Level
 Foxfire                  Conj/Fire      8%         2x1d4     26%         1
 Spider Form              Tmut/Pois      8%         N/A       38%         3
 Conjure Flame            Conj/Fire      2%         6-21      58%         3
 Inner Flame              Hex/Fire       2%         N/A       58%         3
 Ice Form                 Ice/Tmut       8%         N/A       80%         4
 Flame Wave               Conj/Fire      2%         2d4       94%         4


Dungeon Overview and Level Annotations

Branches:
Dungeon (4/15)             Temple (1/1) D:4

Altars:
Ashenzari
Dithmenos
Elyvilon
Hepliaklqana
Okawaru
Ru
Trog
Vehumet
Wu Jian
Xom
Yredelemnul
Jiyva

Shops:
D:4 !

Annotations:
D:4 Dowan, Duvessa


Innate Abilities, Weirdness & Mutations

You can breathe blasts of noxious fumes.
Your lurid green scales are hard. (AC +6)
You cannot fit into any form of body armour.
Your system is resistant to poisons. (rPois)
You are cold-blooded and may be slowed by cold attacks.


Message History

* * * LOW HITPOINT WARNING * * *
Duvessa hits you with a +0 short sword.
* * * LOW HITPOINT WARNING * * *
Unknown command.
You barely miss Duvessa.
Duvessa is severely wounded.
Duvessa closely misses you.
Unknown command.
You hit Duvessa but do no damage.
Duvessa is severely wounded.
Duvessa hits you with a +0 short sword!
* * * LOW HITPOINT WARNING * * *
Unknown command.
Casting: Wereblood (safe; 11% risk of failure)
Confirm with . or Enter, or press ? or * to list all spells.
Okay, then.
It was a potion of might.
You feel very mighty all of a sudden. Duvessa hits you with a +0 short sword.
* * * LOW HITPOINT WARNING * * *
Duvessa barely misses you. The hound bites you but does no damage.
Unknown command.
You feel better. Duvessa hits you with a +0 short sword.
* * * LOW HITPOINT WARNING * * *
The hound bites you but does no damage.
Unknown command.
Unknown command.
You punch the hound! Your punch misses the hound.
The hound is heavily wounded.
Your primal bloodlust has ended.
Duvessa hits you with a +0 short sword.
* * * LOW HITPOINT WARNING * * *
The hound bites you but does no damage. Duvessa completely misses you.
The hound bites you but does no damage.
You punch the hound!
You kill the hound!
The Council accepts your kill.
You can now lightly attack monsters by moving around them.
Duvessa hits you with a +0 short sword.
You die...

........#.#
######..#.#
........#.###
............#
#####.##############
...................#
#####.##########e###
......#.....<..#e#
......#.####.#.#@#
......#.# #.#.#†#
......#.# #.#.#.#
......#.####.#.#.#
......#......#.#.#
......######.#.#.#
......########.#.#
...............#.#
.....###########


You could see Duvessa (fast) and Dowan.

Vanquished Creatures
  Grinder (D:3)
  A necrophage (D:4)
  A water moccasin skeleton (D:4)
  A hound (D:4)
  Natasha (thrice) (D:3)
  An orc wizard (D:3)
  A hound skeleton (D:4)
  4 gnolls (D:4)
  2 adders (D:2)
  2 adder skeletons (D:4)
  5 worms
  3 dart slugs
  8 orcs
  8 ball pythons
  3 bats
  5 endoplasms
  2 giant cockroaches
  5 goblins
  7 hobgoblins
  6 kobolds
  3 quokkas
  3 frilled lizards
  2 rats
77 creatures vanquished.

Vanquished Creatures (others)
  A plant (D:4)
1 creature vanquished.

Grand Total: 78 creatures vanquished

Notes
Turn   | Place    | Note
-------+----------+-------------------------------------------
     0 | D:1      | Stomo the Draconian Transmuter began the quest for the Orb.
     0 | D:1      | Reached XP level 1. HP: 16/16 MP: 3/3
    39 | D:1      | Found a faded altar of an unknown god.
   101 | D:1      | Reached XP level 2. HP: 23/23 MP: 3/5
   223 | D:1      | Learned a level 2 spell: Wereblood
   762 | D:1      | Reached XP level 3. HP: 29/29 MP: 4/6
  1074 | D:2      | Identified the ring "Edankac" {rElec rPois rN+}
  1963 | D:3      | Noticed Grinder
  1983 | D:3      | Paralysed by Grinder for 7 turns
  2022 | D:3      | Noticed Natasha
  2036 | D:3      | Killed Natasha
  2037 | D:3      | Reached XP level 4. HP: 8/37 MP: 4/7
  2411 | D:3      | Noticed Natasha
  2419 | D:3      | Killed Natasha
  2547 | D:3      | HP: 1/37 [Grinder (3)]
  2548 | D:3      | Killed Grinder
  2549 | D:3      | Reached skill level 4 in Unarmed Combat
  2549 | D:3      | Reached XP level 5. HP: 1/45 MP: 6/8
  2549 | D:3      | Reached XP level 6. HP: 1/51 MP: 6/9
  3074 | D:3      | Noticed Natasha
  3086 | D:3      | Killed Natasha
  3405 | D:4      | Found a staircase to the Ecumenical Temple.
  3431 | Temple   | Entered the Ecumenical Temple
  3588 | Temple   | Became a worshipper of the Wu Jian Council
  3669 | D:4      | Reached skill level 5 in Unarmed Combat
  3742 | D:4      | Found a sacrificial altar of Ru.
  3742 | D:4      | Found a shimmering altar of Xom.
  3905 | D:4      | Your scales start taking on a lurid green colour.
  3905 | D:4      | Reached XP level 7. HP: 59/59 MP: 7/10
  3905 | D:4      | Gained mutation: Your system is resistant to poisons.
                  | (rPois) [Green Draconian growth]
  4293 | D:4      | Found Duahy's Distillery.
  4414 | D:4      | Noticed Duvessa
  4414 | D:4      | Noticed Dowan
  4482 | D:4      | HP: 2/60 [Duvessa/+0 short sword (3)]
  4485 | D:4      | Reached * piety under Wu Jian
  4485 | D:4      | Slain by Duvessa

Illustrated notes

Levels and vault maps discovered:
D:1:      dpeg_arrival_simpleton_b, layout_loops_ring, basic_ecumenical_altar
D:2:      layout_loops_ring, minmay_stone_trees_small
D:3:      layout_basic, uniq_grinder, uniq_natasha
D:4:      layout_basic, gammafunk_temple_overflow_statue,
          minmay_temple_entry_gardened_gates, serial_shops,
          kennysheep_mini_moat, kennysheep_generic_room_9, uniq_duvessa
Temple:   pf_slime_end_temple

Skill      XL: |  1  2  3  4  5  6  7 |
---------------+----------------------+-----
Dodging        | 2 3 4 |  4.0
Fighting       | 2 3 4 |  4.4
Unarmed Combat | 4 5 |  5.3
Transmutations | 3 |  3.0
Spellcasting   | |  2.2

Action                   |  1- 3 |  4- 6 |  7- 9 || total
-------------------------+-------+-------+-------++-------
Melee: Unarmed           |   104 |    96 |    71 ||   271
       Punch             |     5 |     4 |     3 ||    12
       Headbutt          |    13 |    11 |     8 ||    32
       Kick              |    20 |    14 |    22 ||    56
       Tailslap          |    12 |    12 |     9 ||    33
 Cast: Beastly Appendage |    26 |    16 |     9 ||    51
       Wereblood         |     2 |     2 |     5 ||     9
Invok: Lunge             |       |     2 |     3 ||     5
  Use: Potion            |       |       |     7 ||     7
 Stab: Sleeping          |     1 |     1 |     1 ||     3
Armor: Skin              |    23 |    18 |    27 ||    68
Dodge: Dodged            |    60 |    36 |    60 ||   156
